 Dungeon Crawl Stone Soup version 0.28-a0-851-g8b9cc49659 (webtiles) character file.

Game seed: 4767535422204288333

94 vurker the Gusty (level 4, -1/35 HPs)
             Began as a Demigod Air Elementalist on Nov 14, 2021.
             Slain by a kobold brigand (3 damage)
             ... on level 3 of the Dungeon.
             The game lasted 00:03:15 (2721 turns).

vurker the Gusty (Demigod Air Elementalist)         Turns: 2721, Time: 00:03:16

Health: -1/35      AC:  4    Str:  9    XL:     4   Next: 16%
Magic:  0/10       EV: 12    Int: 21    God:
Gold:   118        SH:  0    Dex: 14    Spells: 7/8 levels left

rFire   . . .      SeeInvis .   j - +0 dagger (pain)
rCold   . . .      Faith    .   (no shield)
rNeg    . . .      Spirit   .   a - +0 robe
rPois   .          Reflect  .   (no helmet)
rElec   .          Harm     .   n - +0 cloak
rCorr   .          Rampage  .   l - +0 pair of gloves
Will    .....                   (no boots)
Stlth   ++........              b - amulet of the acrobat
HPRegen 0.11/turn               (no ring)
MPRegen 0.12/turn               (no ring)

@: no status effects
A: high mp 1, forlorn
a: no special abilities


You were on level 3 of the Dungeon.
You visited 1 branch of the dungeon, and saw 3 of its levels.

You collected 118 gold pieces.

Inventory:

Hand Weapons
 j - a +0 dagger of pain (weapon)
   (You took it off a goblin on level 1 of the Dungeon)
Armour
 a - a +0 robe (worn)
 l - a +0 pair of gloves (worn)
   (You found it on level 1 of the Dungeon)
 n - a +0 cloak (worn)
   (You found it on level 3 of the Dungeon)
Jewellery
 b - an amulet of the acrobat (around neck)
   (You found it on level 1 of the Dungeon)
Scrolls
 c - a scroll of enchant armour {unknown}
 d - a scroll of brand weapon {unknown}
 f - 2 scrolls of noise {unknown}
 g - a scroll of identify {unknown}
 i - a scroll of enchant weapon {unknown}
Potions
 e - a potion of ambrosia {unknown}
 h - a potion of curing
 k - a potion of heal wounds {unknown}
 m - a potion of degeneration {unknown}


   Skills:
 + Level 1.2 Fighting
 - Level 1.7 Dodging
 - Level 1.7 Stealth
 * Level 2.7 Spellcasting
 + Level 1.5 Conjurations
 * Level 3.5 Air Magic


You had 7 spell levels left.
You knew the following spells:

 Your Spells              Type           Power      Damage    Failure   Level
a - Shock                 Conj/Air       52%        1d6       4%          1

Your spell library contained the following spells:

 Spells                   Type           Power      Damage    Failure   Level
 Static Discharge         Conj/Air       13%        N/A       8%          2
 Swiftness                Air            17%        N/A       10%         3
 Dazzling Flash           Conj/Hex       12%        N/A       30%         3
 Airstrike                Air            8%         N/A       32%         4
 Silence                  Hex/Air        5%         N/A       88%         5
 Agony                    Necr           2%         N/A       98%         5


Dungeon Overview and Level Annotations

Branches:
Dungeon (3/15)


Innate Abilities, Weirdness & Mutations

Your attributes grow dramatically as you level up.
You have an increased reservoir of magic. (+10% MP)
You shall have no god before yourself.


Message History

Okay, then.
The kobold brigand throws a poisoned dart.
The poisoned dart barely misses you.
The zap hits the kobold brigand but does no damage.
The zap misses the kobold brigand.
The kobold brigand throws a poisoned dart.
The poisoned dart hits you!
You are poisoned.
The zap hits the kobold brigand but does no damage. x2
You feel very sick.
The zap hits the kobold brigand.
You feel sick.
You feel sick.
The zap hits the kobold brigand. x2; You feel sick.
The kobold brigand throws a poisoned dart.
The poisoned dart hits you!
You are lethally poisoned!
It was a potion of curing.
You feel better.
The zap misses the kobold brigand.
The zap hits the kobold brigand but does no damage.
The kobold brigand hits you with a +0 whip!
* * * LOW HITPOINT WARNING * * *
Unknown command.
The zap hits the kobold brigand. x2
The kobold brigand hits you with a +0 whip.
* * * LOW HITPOINT WARNING * * *
The zap misses the kobold brigand.
The zap hits the kobold brigand.
The kobold brigand hits you with a +0 whip.
* * * LOW HITPOINT WARNING * * *
You don't have enough magic to cast this spell.
You aren't carrying any items that you can evoke.
You feel better.
The kobold brigand hits you with a +0 whip.
* * * LOW HITPOINT WARNING * * *
The zap hits the kobold brigand but does no damage.
The zap hits the kobold brigand.
The kobold brigand hits you with a +0 whip.
* * * LOW HITPOINT WARNING * * *
You barely miss the kobold brigand. The kobold brigand misses you.
You hit the kobold brigand but do no damage.
The kobold brigand hits you with a +0 whip.
* * * LOW HITPOINT WARNING * * *
You hit the kobold brigand. The kobold brigand closely misses you.
You barely miss the kobold brigand. The kobold brigand closely misses you.
You hit the kobold brigand. The kobold brigand barely misses you.
You hit the kobold brigand but do no damage.
The kobold brigand closely misses you.
You closely miss the kobold brigand. The kobold brigand barely misses you.
The zap misses the kobold brigand.
The zap hits the kobold brigand.
The kobold brigand hits you with a +0 whip.
You die...

##...#...........
######..##........##
#...##...#......#...
########...##.#.......^#.####
#.....##...##..#.......#....#
#####........#.#...########.###
####(.............#####..#)
#...##....###...!....K..
######.@#...#..#######..
#.K###.......#.....
#..####............ #...#
##.####..>...
#.#.####.#####.....
#.#....K........#..
#..)####.#####..##. ###.# #.#
#.# #.#


You could see a kobold brigand.

Vanquished Creatures
  2 adders (D:3)
  2 worms
  2 dart slugs (D:2)
  2 orcs (D:3)
  4 ball pythons
  6 bats
  2 endoplasms
  A giant cockroach (D:3)
  3 hobgoblins
  7 jackals
  8 kobolds
  6 quokkas
  5 frilled lizards
  5 goblins
  6 rats
61 creatures vanquished.

Notes
Turn   | Place    | Note
-------+----------+-------------------------------------------
     0 | D:1      | vurker the Demigod Air Elementalist began the quest for the
                  | Orb.
     0 | D:1      | Reached XP level 1. HP: 14/14 MP: 5/5
    82 | D:1      | Reached skill level 1 in Conjurations
   402 | D:1      | Reached XP level 2. HP: 20/20 MP: 1/7
   743 | D:1      | Reached skill level 3 in Air Magic
  1177 | D:2      | Reached XP level 3. HP: 27/27 MP: 1/9
  1884 | D:2      | Reached skill level 1 in Fighting
  2066 | D:3      | Noticed a kobold brigand
  2607 | D:3      | Reached XP level 4. HP: 30/35 MP: 6/10
  2715 | D:3      | HP: 1/35 [kobold brigand (6)]
  2721 | D:3      | Slain by a kobold brigand

Illustrated notes

Levels and vault maps discovered:
D:1:      lemuel_arrival_river_ford, layout_basic,
          hellmonk_ecumenical_altar_lost_god
D:2:      layout_rooms, basic_altar
D:3:      layout_rooms, hangedman_decor_clover_reticule, minmay_statues_item

Skill      XL: |  1  2  3 |
---------------+----------+-----
Conjurations   | 1 |  1.5
Spellcasting   | 2 |  2.7
Air Magic      | 3 |  3.5
Fighting       | 1 |  1.2
Dodging        | |  1.7
Stealth        | |  1.7

Action                   |  1- 3 |  4- 6 || total
-------------------------+-------+-------++-------
Melee: Dagger            |     6 |     7 ||    13
 Cast: Shock             |   134 |    20 ||   154
  Use: Potion            |       |     2 ||     2
Armor: Robe              |    18 |       ||    18
Dodge: Dodged            |    33 |    13 ||    46

Table legend: (Time is in decaauts)
 A = Elapsed time spent in this place.
 B = Non-inter-level travel time spent in this place.
 C = Inter-level travel time spent in this place.
 D = Time resting spent in this place.
 E = Time spent auto-exploring this place.
 F = Levels seen in this place.
 G = Mean time per level.
                   A        B        C        D        E       F      G
               +--------+--------+--------+--------+--------+-----+--------+
         Total |   2729 |   2661 |     68 |    254 |   2009 |   3 |  909.7 |
       Dungeon |   2729 |   2661 |     68 |    254 |   2009 |   3 |  909.7 |
               +--------+--------+--------+--------+--------+-----+--------+

Top non-repeatable levels by time:
     D:2: 1196 daAuts
     D:1: 1044 daAuts
     D:3: 488 daAuts
